 Dungeon Crawl Stone Soup version 0.30-a0-800-g7c544603b3 (webtiles) character file.

Game seed: 4373028259002700088

78 sircluck the Sneak (level 4, -3/27 HPs)
             Began as a Kobold Brigand on Feb 22, 2023.
             Slain by an orc
             ... wielding a +0 mace
              (7 damage)
             ... on level 3 of the Dungeon.
             The game lasted 00:01:42 (1052 turns).

sircluck the Sneak (Kobold Brigand)                 Turns: 1052, Time: 00:01:42

Health: -3/27      AC:  3    Str:  8    XL:     4   Next: 61%
Magic:  4/4        EV: 15    Int: 12    God:
Gold:   103        SH:  0    Dex: 18    Spells: 3/3 levels left

rFire   . . .      SeeInvis .    a - +2 dagger
rCold   . . .      Faith    .    (no shield)
rNeg    . . .      Spirit   .    b - +0 robe
rPois   .          Reflect  .    (no helmet)
rElec   .          Harm     .    c - +0 cloak
rCorr   .          Rampage  .    (no gloves)
Will    .....                    (no boots)
Stlth   +++++                    (no amulet)
HPRegen 0.24/turn                (no ring)
MPRegen 0.09/turn                (no ring)

@: no status effects
A: small, no large weapons, nightstalker 3
a: no special abilities


You were on level 3 of the Dungeon.
You visited 1 branch of the dungeon, and saw 3 of its levels.

You collected 103 gold pieces.

Inventory:

Hand Weapons
 a - a +2 dagger (weapon)
Missiles
 d - 8 poisoned darts (quivered)
 e - 3 curare-tipped darts
Armour
 b - a +0 robe (worn)
 c - a +0 cloak (worn)
Scrolls
 h - 2 scrolls of identify {unknown}
 i - a scroll of noise {unknown}
 j - a scroll of vulnerability {unknown}
Potions
 f - 2 potions of flight {unknown}
 g - a potion of attraction {unknown}
 k - a potion of lignification {unknown}


   Skills:
 + Level 2.7 Fighting
 + Level 3.4 Short Blades
 + Level 2.3 Throwing
 + Level 2.0 Dodging
 + Level 6.8 Stealth


You had 3 spell levels left.
You didn't know any spells.
Your spell library contained the following spells:

 Spells                   Type           Power      Damage    Failure   Level
 Magic Dart               Conj           0%         1d3       32%         1


Dungeon Overview and Level Annotations

Branches:
Dungeon (3/15)

Altars:


Innate Abilities, Weirdness & Mutations

You are small and have problems with some larger weapons.
You are completely attuned to the shadows.


Message History

You hit the orc wizard.
The orc wizard is severely wounded.
The orc barely misses you.
The orc wizard hits you with a +0 dagger.
You hit the orc wizard.
The orc wizard is almost dead.
The orc hits you with a +0 hand axe. The orc wizard casts a spell at you.
The magic dart hits you.
You barely miss the orc wizard.
The orc wizard is almost dead.
The orc barely misses you. The orc wizard barely misses you.
The orc hits you but does no damage.
You hit the orc wizard.
You kill the orc wizard!
The orc hits you with a +0 hand axe. The orc misses you.
Your Dodging skill increases to level 2!
You are too injured to fight recklessly!
You are too injured to fight recklessly!
You are too injured to fight recklessly!
You are too injured to fight recklessly!
You are too injured to fight recklessly!
You are too injured to fight recklessly!
You are too injured to fight recklessly!
You are too injured to fight recklessly!
You are too injured to fight recklessly!
You are too injured to fight recklessly!
You are too injured to fight recklessly!
You are too injured to fight recklessly!
You closely miss the orc. The orc hits you with a +0 hand axe.
The orc hits you with a +0 mace.
* * * LOW HITPOINT WARNING * * *
You are too injured to fight recklessly!
Throw: 9 darts (poison)
Press: ? - help, Q - select action, (/) - cycle Shift-Dir - straight line, f - orc
Aim: an orc, wielding a +0 hand axe and wearing a +0 leather armour (63% to hit)
You throw a poisoned dart. The poisoned dart hits the orc!
The orc is poisoned.
The orc barely misses you. The orc misses you.
The orc attacks as you move away! The orc hits you with a +0 mace!
You die...

.####.....###.#.#.†......
#.......+.....#........
##......#####.#........
#......# #.##.......
#......# #.##.......
........# #..........
###.....# #..<......
#..o..# #.#.......
#..o@.# #.....#' ...)####
####.##. .... ##...[ ....
......# .... ......#
......# ......' ......#
......#


You could see 2 orcs.

Vanquished Creatures
  An orc wizard (D:3)
  2 adders
  A dart slug (D:1)
  3 endoplasms
  2 giant cockroaches
  4 goblins
  2 hobgoblins (D:2)
  3 jackals (D:1)
  2 kobolds
  5 ball pythons
  A bat (D:1)
  3 frilled lizards
  4 rats
33 creatures vanquished.

Notes
Turn   | Place    | Note
-------+----------+-------------------------------------------
     0 | D:1      | sircluck the Kobold Brigand began the quest for the Orb.
     0 | D:1      | Reached XP level 1. HP: 12/12 MP: 1/1
    45 | D:1      | Reached XP level 2. HP: 5/17 MP: 2/2
   287 | D:1      | Found a faded altar of an unknown god.
   293 | D:1      | Got Plato's Encyclopedia of the Barrage
   317 | D:1      | Reached skill level 6 in Stealth
   424 | D:2      | Reached XP level 3. HP: 22/22 MP: 3/3
   801 | D:3      | Reached XP level 4. HP: 18/27 MP: 4/4
  1052 | D:3      | Slain by an orc

Illustrated notes

Levels and vault maps discovered:
D:1:      dpeg_arrival_rooms_b, layout_basic, serial_shops,
          nicolae_shop_waterfront, shapermc_ecumenical_altar_rom_forum,
          chequers_serial_rivers_marsh
D:2:      layout_loops_ring
D:3:      minmay_angry_zag, layout_basic,
          nicolae_hepliaklqana_monster_ancestors, uniq_crazy_yiuf_cottage

Skill      XL: |  1  2  3  4 |
---------------+-------------+-----
Stealth        | 6 |  6.8
Short Blades   | 3 |  3.4
Dodging        | 2 |  2.0
Fighting       | |  2.7
Throwing       | |  2.3

Action                     |  1- 3 |  4- 6 || total
---------------------------+-------+-------++-------
  Melee: Dagger            |    67 |    16 ||    83
         Punch             |     1 |       ||     1
  Throw: Dart              |       |     1 ||     1
   Stab: Sleeping          |    13 |     4 ||    17
 Armour: Robe              |     4 |     2 ||     6
  Dodge: Dodged            |    38 |     8 ||    46

Table legend: (Time is in decaauts)
 A = Elapsed time spent in this place.
 B = Non-inter-level travel time spent in this place.
 C = Inter-level travel time spent in this place.
 D = Time resting spent in this place.
 E = Time spent auto-exploring this place.
 F = Levels seen in this place.
 G = Mean time per level.
                   A        B        C        D        E       F      G
               +--------+--------+--------+--------+--------+-----+--------+
         Total |   1040 |    989 |     51 |      0 |    765 |   3 |  346.7 |
       Dungeon |   1040 |    989 |     51 |      0 |    765 |   3 |  346.7 |
               +--------+--------+--------+--------+--------+-----+--------+

Top non-repeatable levels by time:
     D:2: 413 daAuts
     D:1: 341 daAuts
     D:3: 285 daAuts
